 Dungeon Crawl Stone Soup version 0.17.0-22-g5edae84 (webtiles) character file.

74 Ordine the Slasher (level 4, 0/29 HPs)
             Began as a High Elf Skald on Nov 12, 2015.
             Succumbed to an adder's poison
             ... on level 2 of the Dungeon.
             The game lasted 00:06:52 (2747 turns).

Ordine the Slasher (High Elf Skald)                 Turns: 2747, Time: 00:06:52

Health: 0/29       AC:  4    Str: 11    XL:     4   Next: 9%
Magic:  4/9        EV: 11    Int: 17    God:
Gold:   88         SH:  0    Dex: 14    Spells: 4 memorised, 1 level left

rFire  . . .     SeeInvis .     a - +1 falchion
rCold  . . .     Clarity  .     b - +0 leather armour
rNeg   . . .     SustAt   .     (no shield)
rPois  .         Gourm    .     (no helmet)
rElec  .         Spirit   .     (no cloak)
rCorr  .         Warding  .     u - +0 pair of gloves
rMut   .         Stasis   .     (no boots)
MR     .....                    (no amulet)
Stlth  +.........               (no ring)
                                (no ring)

@: lethally poisoned (0 -> -15), infused, not resistant to hostile enchantments,
very unstealthy
A: no striking features
a: no special abilities


You were on level 2 of the Dungeon.
You were not hungry.

You visited 1 branch of the dungeon, and saw 2 of its levels.

You collected 88 gold pieces.

Inventory:

Hand Weapons
 a - a +1 falchion (weapon)
Armour
 b - a +0 leather armour (worn)
 u - a +0 pair of gloves (worn)
Magical Staves
 i - an uncursed staff of power {unknown}
Scrolls
 n - a scroll of fear
 r - a scroll of enchant weapon
Potions
 e - a potion of cancellation
 f - a potion of agility
 m - a potion of mutation
 q - a potion of lignification {unknown}
 s - a potion of invisibility {unknown}
 t - a potion of ambrosia {unknown}
Books
 c - a book of Battle

   Spells                             Type                      Level
   a - Infusion                       Charms                       1
   b - Shroud of Golubria             Charms/Translocation         2
   c - Song of Slaying                Charms                       2
   d - Spectral Weapon                Hexes/Charms                 3
   e - Regeneration                   Charms/Necromancy            3
Comestibles
 d - a bread ration
 g - a beef jerky
 h - a slice of pizza
 j - a royal jelly
 l - 3 chunks of flesh
 o - 4 fruits
 p - 2 meat rations


   Skills:
 - Level 2.0 Fighting
 + Level 4.9 Long Blades
 - Level 0.8 Armour
 - Level 1.1 Dodging
 - Level 3.0 Spellcasting
 - Level 3.6 Charms


You had one spell level left.
You knew the following spells:

 Your Spells              Type           Power        Failure   Level  Hunger
a - Infusion              Chrm           ##....       8%          1    None
b - Song of Slaying       Chrm           ##......     10%         2    ##.....
c - Shroud of Golubria    Chrm/Tloc      #.........   17%         2    ##.....
d - Regeneration          Chrm/Necr      #.........   34%         3    ###....


Dungeon Overview and Level Annotations

Branches:
Dungeon (2/15)

Altars:
Yredelemnul


Message History

You hit the adder.
The adder is severely wounded.
You feel sick. The adder misses you. The adder bites you.
* * * LOW HITPOINT WARNING * * *
You are more poisoned.
The adder poisons you!
Drink which item? (? for menu, Esc to quit)
It was a potion of mutation.
You feel extremely strange.
You feel your magical essence link to your wands.
Your skin functions as natural camouflage.
* * * LOW HITPOINT WARNING * * *
You feel sick. The adder bites you.
* * * LOW HITPOINT WARNING * * *
You are more poisoned.
The adder poisons you!
Drink which item? (? for menu, Esc to quit)
It was a potion of cure mutation.
It has a very clean taste.
Your magical essence is no longer linked to your wands.
Your skin no longer functions as natural camouflage.
You die...

#....#...#...#...#...#..###.#..
#.......................##.....
#....#####################..#..
###### #. ####.###..##.....
#####.###....#....##.####
#.........#.............#
#.........######.##.....#
#........)# #.........
#.......@.# #####.##.#
#.......S.# #..... #.........#
....#### #.........# ....####
#.......†.# . .#..( #......)..#
#... #.........# #...
.......... #... ...........
#...


You could see an adder.

Vanquished Creatures
  3 adders (D:2)
  An ooze (D:2)
  A worm (D:2)
  A ball python (D:2)
  4 bats
  5 hobgoblins
  6 jackals
  5 kobolds
  4 giant cockroaches
  2 giant geckos
  A giant newt (D:1)
  5 goblins
  3 rats
41 creatures vanquished.

Notes
Turn   | Place    | Note
--------------------------------------------------------------
     0 | D:1      | Ordine the High Elf Skald began the quest for the Orb.
     0 | D:1      | Reached XP level 1. HP: 14/14 MP: 4/4
   701 | D:1      | Reached XP level 2. HP: 16/19 MP: 7/7
  1586 | D:2      | Reached XP level 3. HP: 13/24 MP: 1/8
  1718 | D:2      | Learned a level 2 spell: Song of Slaying
  1721 | D:2      | Learned a level 2 spell: Shroud of Golubria
  1725 | D:2      | Learned a level 3 spell: Regeneration
  1775 | D:2      | Reached skill level 4 in Long Blades
  2474 | D:2      | Reached XP level 4. HP: 22/29 MP: 6/9
  2666 | D:2      | Found a basalt altar of Yredelemnul.
  2746 | D:2      | Gained mutation: You expend magic power (3 MP) to strengthen your wands. [potion of mutation]
  2746 | D:2      | Gained mutation: Your skin changes colour to match your surroundings (Stealth). [potion of mutation]
  2746 | D:2      | HP: 1/29 [adder (2)]
  2747 | D:2      | Lost mutation: You expend magic power (3 MP) to strengthen your wands. [potion of cure mutation]
  2747 | D:2      | Lost mutation: Your skin changes colour to match your surroundings (Stealth). [potion of cure mutation]
  2747 | D:2      | Succumbed to an adder's poison

Action                   |  1- 3 |  4- 6 || total
-------------------------+-------+-------++-------
Melee: Falchion          |   112 |    11 ||   123
 Cast: Infusion          |    12 |     2 ||    14
  Use: Scroll            |     8 |       ||     8
       Potion            |     1 |     2 ||     3
 Stab: Sleeping          |     1 |       ||     1
  Eat: Chunk             |     5 |     1 ||     6
